SL
AUSTIN RANGERS @ NORTHERN VIRGINIA RETRIEVERS
08/11/2026
 
TOP OF THE 1ST
Austin Rangers batting - Pitching for Northern Virginia Retrievers : RHP Aurelio López
Pitching: RHP Aurelio López
Batting: RHB Miguel Morán 0-0: Swinging Strike
0-1: Ball
1-1: SINGLE (Line Drive, 56D)
Batting: SHB Xavier Vásquez 0-0: Called Strike
Miguel Morán steals 2nd base
0-1: Ball
1-1: Foul Ball, location: 2F
1-2: Ball
2-2: Ball
3-2: Ground out U3 (Groundball, 34)
Miguel Morán to third
Batting: LHB Yun Yen 0-0: Ball
1-0: Foul Ball, location: 2F
1-1: Fly out, F8 (Line Drive, 89XD)
Runner from 3rd tags up, SCORES, no throw
Batting: LHB Count Dante 0-0: Ball
1-0: SINGLE (Flyball, 7S)
Batting: LHB Jesús Reyes 0-0: Ball
1-0: DOUBLE (Line Drive, 89D)
Count Dante to third
Runner from 3rd tries for Home, SAFE, no throw
Batting: RHB Jeff Green 0-0: Called Strike
0-1: Foul Ball, location: 2F
0-2: Ball
1-2: Foul Ball, location: 2F
1-2: Ball
2-2: Ground out 4-3 (Groundball, 4)
Top of the 1st over - 2 run(s), 3 hit(s), 0 error(s), 1 left on base; Austin 2 - Northern Virginia 0
BOTTOM OF THE 1ST
Northern Virginia Retrievers batting - Pitching for Austin Rangers : RHP Juan Valéncia
Pitching: RHP Juan Valéncia
Batting: LHB Munemori Ohara 0-0: Foul Ball, location: 2F
0-1: Fly out, F8 (Line Drive, 8LD)
Batting: LHB Marlon Randall 0-0: Ball
1-0: Ground out U3 (Groundball, 34S)
Batting: RHB Brett Callison 0-0: Called Strike
0-1: Ball
1-1: Swinging Strike
1-2: Foul Ball, location: 2F
1-2: Ground out 4-3 (Groundball, 4M)
Bottom of the 1st over - 0 run(s), 0 hit(s), 0 error(s), 0 left on base; Austin 2 - Northern Virginia 0
TOP OF THE 2ND
Austin Rangers batting - Pitching for Northern Virginia Retrievers : RHP Aurelio López
Batting: SHB Ricardo Pérez 0-0: Called Strike
0-1: Foul Ball, location: 2F
0-2: Ball
1-2: Ground out 3-1 (Groundball, 34S)
Batting: LHB Enrique Sánchez 0-0: Ball
1-0: Fly out, F7 (Flyball, 7LM)
Batting: RHB Matt Sheppard 0-0: Foul Ball, location: 2F
0-1: Foul Ball, location: 2F
0-2: Foul Ball, location: 2F
0-2: Foul Ball, location: 2F
0-2: Ball
1-2: Strikes out swinging
Top of the 2nd over - 0 run(s), 0 hit(s), 0 error(s), 0 left on base; Austin 2 - Northern Virginia 0
BOTTOM OF THE 2ND
Northern Virginia Retrievers batting - Pitching for Austin Rangers : RHP Juan Valéncia
Batting: LHB Roberto Sánchez 0-0: Fly out, F3 (Popup, 3L)
Batting: LHB Francisco Ornelas 0-0: Ball
1-0: Called Strike
1-1: Ball
2-1: Fly out, F9 (Line Drive, 89S)
Batting: RHB Alfredo Pizarro 0-0: Called Strike
0-1: Fly out, F8 (Flyball, 8LS)
Bottom of the 2nd over - 0 run(s), 0 hit(s), 0 error(s), 0 left on base; Austin 2 - Northern Virginia 0
TOP OF THE 3RD
Austin Rangers batting - Pitching for Northern Virginia Retrievers : RHP Aurelio López
Batting: RHB Miguel Morán 0-0: Swinging Strike
0-1: Ball
1-1: Swinging Strike
1-2: Ground out U3 (Groundball, 3)
Batting: SHB Xavier Vásquez 0-0: Ball
1-0: Ball
2-0: Swinging Strike
2-1: Swinging Strike
2-2: Fly out, F8 (Flyball, 8LM)
Batting: LHB Yun Yen 0-0: Ball
1-0: Swinging Strike
1-1: Swinging Strike
1-2: Strikes out looking
Top of the 3rd over - 0 run(s), 0 hit(s), 0 error(s), 0 left on base; Austin 2 - Northern Virginia 0
BOTTOM OF THE 3RD
Northern Virginia Retrievers batting - Pitching for Austin Rangers : RHP Juan Valéncia
Batting: RHB Ju-chan Pak 0-0: Foul Ball, location: 2F
0-1: Called Strike
0-2: Strikes out swinging
Batting: LHB Chris Etheridge 0-0: Foul Ball, location: 2F
0-1: Ball
1-1: Ball
2-1: Called Strike
2-2: Ground out 5-3 (Groundball, 56)
Batting: RHB Miguel Cruz 0-0: Ball
1-0: Foul Ball, location: 2F
1-1: Called Strike
1-2: Foul Ball, location: 2F
1-2: Strikes out swinging
Bottom of the 3rd over - 0 run(s), 0 hit(s), 0 error(s), 0 left on base; Austin 2 - Northern Virginia 0
TOP OF THE 4TH
Austin Rangers batting - Pitching for Northern Virginia Retrievers : RHP Aurelio López
Batting: LHB Count Dante 0-0: Called Strike
0-1: Ball
1-1: Ball
2-1: SINGLE (Groundball, 3D)
Batting: LHB Jesús Reyes 0-0: Ball
1-0: Foul Ball, location: 2F
1-1: Ball
2-1: Ball
3-1: Foul Ball, location: 2F
3-2: SINGLE (Line Drive, 6MD)
Count Dante to second
Batting: RHB Jeff Green 0-0: Ball
1-0: Foul Ball, location: 2F
1-1: Foul Ball, location: 2F
1-2: Ball
2-2: Ball
3-2: Base on Balls
Count Dante to third
Jesús Reyes to second
Batting: SHB Ricardo Pérez 0-0: Swinging Strike
0-1: Ball
1-1: Ball
2-1: Ball
3-1: Base on Balls
Count Dante scores
Jesús Reyes to third
Jeff Green to second
Batting: LHB Enrique Sánchez 0-0: Called Strike
0-1: SINGLE (Groundball, 6MD)
Jesús Reyes scores
Jeff Green to third
Ricardo Pérez to second
Runner from 3rd tries for Home, SAFE, throw made home
Ricardo Pérez to third
Enrique Sánchez to second
Batting: RHB Matt Sheppard 0-0: Foul Ball, location: 2F
0-1: Ball
1-1: Ball
2-1: Swinging Strike
2-2: Strikes out swinging
Batting: RHB Miguel Morán 0-0: Ball
1-0: Foul Ball, location: 2F
1-1: Foul Ball, location: 2F
1-2: Foul Ball, location: 2F
1-2: Strikes out swinging
Batting: SHB Xavier Vásquez 0-0: Ball
1-0: Fly out, F9 (Flyball, 89S)
Top of the 4th over - 3 run(s), 3 hit(s), 0 error(s), 2 left on base; Austin 5 - Northern Virginia 0
BOTTOM OF THE 4TH
Northern Virginia Retrievers batting - Pitching for Austin Rangers : RHP Juan Valéncia
Batting: LHB Munemori Ohara 0-0: Called Strike
0-1: Foul Ball, location: 2F
0-2: Strikes out swinging
Batting: LHB Marlon Randall 0-0: Ball
1-0: Called Strike
1-1: Ball
2-1: Ground out 4-3 (Groundball, 34)
Batting: RHB Brett Callison 0-0: Foul Ball, location: 2F
0-1: Foul Ball, location: 2F
0-2: Strikes out swinging
Bottom of the 4th over - 0 run(s), 0 hit(s), 0 error(s), 0 left on base; Austin 5 - Northern Virginia 0
TOP OF THE 5TH
Austin Rangers batting - Pitching for Northern Virginia Retrievers : RHP Aurelio López
Batting: LHB Yun Yen 0-0: Ball
1-0: Fly out, F9 (Flyball, 9S)
Batting: LHB Count Dante 0-0: Called Strike
0-1: Called Strike
0-2: Strikes out swinging
Batting: LHB Jesús Reyes 0-0: Foul Ball, location: 2F
0-1: Foul Ball, location: 2F
0-2: SINGLE (Groundball, 34) (infield hit)
Batting: RHB Jeff Green 0-0: Foul Ball, location: 2F
0-1: Called Strike
0-2: Ground out 5-3 (Groundball, 56S)
Top of the 5th over - 0 run(s), 1 hit(s), 0 error(s), 1 left on base; Austin 5 - Northern Virginia 0
BOTTOM OF THE 5TH
Northern Virginia Retrievers batting - Pitching for Austin Rangers : RHP Juan Valéncia
Batting: LHB Roberto Sánchez 0-0: Ball
1-0: Ball
2-0: Ball
3-0: SINGLE (Line Drive, 7LS)
Batting: LHB Francisco Ornelas 0-0: Called Strike
0-1: Fly out, F7 (Flyball, 7)
Batting: RHB Alfredo Pizarro 0-0: Ball
1-0: Ground out 6-3 (Groundball, 6S)
Roberto Sánchez to second
Batting: RHB Ju-chan Pak 0-0: Called Strike
0-1: Called Strike
0-2: Ball
1-2: Strikes out swinging
Bottom of the 5th over - 0 run(s), 1 hit(s), 0 error(s), 1 left on base; Austin 5 - Northern Virginia 0
TOP OF THE 6TH
Austin Rangers batting - Pitching for Northern Virginia Retrievers : RHP Aurelio López
Pitching: RHP Darren Garland
Batting: SHB Ricardo Pérez 0-0: Ball
1-0: Called Strike
1-1: Ball
2-1: Called Strike
2-2: Ground out U3 (Groundball, 34)
Batting: LHB Enrique Sánchez 0-0: SINGLE (Line Drive, 8RS)
Batting: RHB Matt Sheppard 0-0: Ball
1-0: Ball
2-0: Fly out, F7 (Flyball, 7)
Batting: RHB Miguel Morán 0-0: Ball
1-0: Fly out, F8 (Flyball, 8RM)
Top of the 6th over - 0 run(s), 1 hit(s), 0 error(s), 1 left on base; Austin 5 - Northern Virginia 0
BOTTOM OF THE 6TH
Northern Virginia Retrievers batting - Pitching for Austin Rangers : RHP Juan Valéncia
Batting: LHB Chris Etheridge 0-0: Foul Ball, location: 2F
0-1: Swinging Strike
0-2: Fly out, F7 (Flyball, 7LS)
Batting: RHB Miguel Cruz 0-0: Ball
1-0: Called Strike
1-1: Ball
2-1: Swinging Strike
2-2: Ball
3-2: Strikes out swinging
Batting: LHB Munemori Ohara 0-0: Called Strike
0-1: Called Strike
0-2: Ball
1-2: Foul Ball, location: 2F
1-2: Ball
2-2: Ball
3-2: Foul Ball, location: 2F
3-2: SINGLE (Line Drive, 9S)
Pitching: RHP Albert Emery
Batting: LHB Marlon Randall 0-0: Ball
Munemori Ohara steals 2nd base
1-0: SINGLE (Groundball, 34D)
Munemori Ohara to third
Runner from 3rd tries for Home, SAFE, no throw
Batting: RHB Brett Callison 0-0: Called Strike
0-1: SINGLE (Line Drive, 7S)
Marlon Randall to second
Batting: LHB Roberto Sánchez 0-0: Swinging Strike
0-1: Ground out 4-3 (Groundball, 4S)
Bottom of the 6th over - 1 run(s), 3 hit(s), 0 error(s), 2 left on base; Austin 5 - Northern Virginia 1
TOP OF THE 7TH
Austin Rangers batting - Pitching for Northern Virginia Retrievers : RHP Darren Garland
Batting: SHB Xavier Vásquez 0-0: Fly out, F8 (Flyball, 8RM)
Batting: LHB Yun Yen 0-0: Ball
1-0: Ball
2-0: Swinging Strike
2-1: Called Strike
2-2: Fly out, F8 (Flyball, 8RS)
Batting: LHB Count Dante 0-0: Called Strike
0-1: Ball
1-1: Called Strike
1-2: Ball
2-2: Ball
3-2: Base on Balls
Batting: LHB Jesús Reyes 0-0: Called Strike
0-1: Ball
1-1: Called Strike
1-2: Ball
2-2: Ball
Count Dante steals 2nd base
3-2: Strikes out swinging
Top of the 7th over - 0 run(s), 0 hit(s), 0 error(s), 1 left on base; Austin 5 - Northern Virginia 1
BOTTOM OF THE 7TH
Northern Virginia Retrievers batting - Pitching for Austin Rangers : RHP Albert Emery
Batting: LHB Francisco Ornelas 0-0: Ground out U3 (Groundball, 34)
Batting: RHB Alfredo Pizarro 0-0: Ball
1-0: Foul Ball, location: 2F
1-1: Foul Ball, location: 2F
1-2: Foul Ball, location: 2F
1-2: Fly out, F5 (Popup, 5D)
Batting: RHB Ju-chan Pak 0-0: Ball
1-0: Ball
2-0: Called Strike
2-1: Ball
3-1: Base on Balls
Batting: LHB Chris Etheridge 0-0: Ball
1-0: Foul Ball, location: 2F
1-1: Fly out, F9 (Flyball, 9LM)
Bottom of the 7th over - 0 run(s), 0 hit(s), 0 error(s), 1 left on base; Austin 5 - Northern Virginia 1
TOP OF THE 8TH
Austin Rangers batting - Pitching for Northern Virginia Retrievers : RHP Darren Garland
Batting: RHB Jeff Green 0-0: Ball
1-0: Called Strike
1-1: Called Strike
1-2: Fly out, F5 (Line Drive, 5)
Batting: SHB Ricardo Pérez 0-0: Called Strike
0-1: Called Strike
0-2: Ball
1-2: Ball
2-2: Ground out 4-3 (Groundball, 4)
Batting: LHB Enrique Sánchez 0-0: Ball
1-0: Foul Ball, location: 2F
1-1: SINGLE (Flyball, 8LS)
Batting: RHB Matt Sheppard 0-0: Fielders Choice at 2nd, U6 (Groundball, 6M)
Top of the 8th over - 0 run(s), 1 hit(s), 0 error(s), 1 left on base; Austin 5 - Northern Virginia 1
BOTTOM OF THE 8TH
Northern Virginia Retrievers batting - Pitching for Austin Rangers : RHP Albert Emery
Batting: RHB Miguel Cruz 0-0: Swinging Strike
0-1: Ball
1-1: Ball
2-1: Ground out 1-3 (Groundball, 13S)
Batting: LHB Munemori Ohara 0-0: Called Strike
0-1: Ball
1-1: Foul Ball, location: 2F
1-2: Ball
2-2: SINGLE (Line Drive, 8LS)
Batting: LHB Marlon Randall 0-0: Called Strike
0-1: Ball
1-1: Ball
Wild Pitch!
Munemori Ohara to second
2-1: Foul Ball, location: 2F
2-2: Ball
3-2: Foul Ball, location: 2F
3-2: Fly out, F4 (Popup, 3D)
Batting: RHB Brett Callison 0-0: Ball
1-0: Called Strike
1-1: Ground out 4-3 (Groundball, 4)
Bottom of the 8th over - 0 run(s), 1 hit(s), 0 error(s), 1 left on base; Austin 5 - Northern Virginia 1
TOP OF THE 9TH
Austin Rangers batting - Pitching for Northern Virginia Retrievers : RHP Darren Garland
Batting: RHB Miguel Morán 0-0: Ground out 5-3 (Groundball, 5L)
Batting: SHB Xavier Vásquez 0-0: Called Strike
0-1: Ball
1-1: Ball
2-1: Ball
3-1: Base on Balls
Pitching: LHP Javier Desdin
Batting: LHB Yun Yen 0-0: Called Strike
0-1: Swinging Strike
0-2: Foul Ball, location: 2F
0-2: Strikes out swinging
Batting: LHB Count Dante 0-0: Ball
1-0: Foul Ball, location: 2F
1-1: Foul Ball, location: 2F
1-2: Strikes out swinging
Top of the 9th over - 0 run(s), 0 hit(s), 0 error(s), 1 left on base; Austin 5 - Northern Virginia 1
BOTTOM OF THE 9TH
Northern Virginia Retrievers batting - Pitching for Austin Rangers : RHP Albert Emery
Batting: LHB Roberto Sánchez 0-0: Called Strike
0-1: Foul Ball, location: 2F
0-2: Strikes out looking
Batting: LHB Francisco Ornelas 0-0: Ball
1-0: Called Strike
1-1: DOUBLE (Line Drive, 78D)
Batting: RHB Alfredo Pizarro 0-0: Called Strike
0-1: SINGLE (Flyball, 7LM)
Francisco Ornelas to third
Runner from 3rd tries for Home, throw and OUT!
Batting: RHB Ju-chan Pak 0-0: Foul Ball, location: 2F
0-1: Foul Ball, location: 2F
0-2: Strikes out swinging
Bottom of the 9th over - 0 run(s), 2 hit(s), 0 error(s), 1 left on base; Austin 5 - Northern Virginia 1
Monday, March 20th, 2017 - OOTP Baseball 17.12 Build 75